 Dungeon Crawl Stone Soup version 0.30.0-29-ga12c61a403 (webtiles) character file.

Game seed: 2175128831235511000

4368 cdecastro the Cleaver (level 10, 0/93 HPs)
             Began as a Hill Orc Fighter on June 12, 2023.
             Was a Believer of Makhleb.
             Succumbed to a kobold brigand's curare-tipped dart
             ... on level 9 of the Dungeon.
             The game lasted 00:18:18 (7971 turns).

cdecastro the Cleaver (Hill Orc Fighter)            Turns: 7971, Time: 00:18:19

Health: 0/93       AC: 15    Str: 24    XL:     10   Next: 34%
Magic:  16/17      EV:  8    Int:  8    God:    Makhleb [**....]
Gold:   74         SH:  5    Dex: 10    Spells: 9/9 levels left

rFire   + . .        a - +0 war axe
rCold   . . .        c - +0 buckler
rNeg    . . .        D - +0 chain mail
rPois   .            (no helmet)
rElec   .            M - +0 cloak
rCorr   .            R - +0 pair of gloves
SInv    .            t - +2 pair of boots
Will    +....        (no amulet) Stlth
                     q - ring of protection from fire
HPRegen 0.35/turn    T - ring of willpower
MPRegen 0.15/turn

%: no passive effects
@: lethally poisoned (0 -> -4), slowed, invisible, very slow
A: no striking features
a: Renounce Religion, Minor Destruction


You were on level 9 of the Dungeon.
You worshipped Makhleb.
Makhleb was pleased with you.
You visited 2 branches of the dungeon, and saw 10 of its levels.
You also visited: Sewer.

You collected 713 gold pieces.
You spent 639 gold pieces at shops.

Inventory:

Hand Weapons
 a - a +0 war axe (weapon)
 U - a +2 heavy dire flail
Missiles
 m - 2 atropa-tipped darts (quivered)
 v - 45 poisoned darts
 x - a curare-tipped dart
 B - 3 javelins
 C - 6 boomerangs
 Q - 3 datura-tipped darts
Armour
 c - a +0 buckler (worn)
 t - a +2 pair of boots (worn)
 D - a +0 chain mail (worn)
 M - a +0 cloak (worn)
 R - a +0 pair of gloves (worn)
Magical Staves
 H - a staff of poison
Jewellery
 b - a ring of fire
 q - a ring of protection from fire (left hand)
 P - a ring of positive energy
 T - a ring of willpower (right hand)
 V - a ring of protection from fire
Wands
 N - a wand of flame (8)
Scrolls
 h - 3 scrolls of identify
 i - 7 scrolls of vulnerability {unknown}
 j - 2 scrolls of acquirement {unknown}
 k - 4 scrolls of teleportation
 n - 4 scrolls of enchant armour
 r - 2 scrolls of torment {unknown}
 s - 2 scrolls of noise {unknown}
 y - a scroll of enchant weapon {unknown}
 G - 2 scrolls of butterflies {unknown}
 I - 3 scrolls of blinking
 J - a scroll of poison
 K - a scroll of immolation
 L - a scroll of amnesia
 Y - a scroll of fog {unknown}
Potions
 d - 5 potions of might
 e - 2 potions of magic
 f - a potion of lignification {unknown}
 g - a potion of resistance {unknown}
 o - 2 potions of haste {unknown}
 p - a potion of degeneration {unknown}
 u - a potion of experience {unknown}
 w - 5 potions of invisibility
 z - 3 potions of brilliance
 A - a potion of mutation {unknown}
 E - 4 potions of attraction
 F - 2 potions of curing {unknown}
 O - 4 potions of heal wounds {unknown}
 S - a potion of flight {unknown}
 W - a potion of cancellation {unknown}
 X - a potion of berserk rage


   Skills:
 - Level 10.0 Fighting
 - Level 12.0 Axes
 - Level 5.0 Armour
 - Level 5.0 Shields
 + Level 9.6 Invocations


You had 9 spell levels left.
You didn't know any spells.
Your spell library contained the following spells:

 Spells                   Type           Power      Damage    Failure   Level
 Ensorcelled Hibernation  Hex/Ice        0%         N/A       99%         2
 Passwall                 Tmut/Erth      0%         N/A       99%         2
 Poisonous Vapours        Pois/Air       0%         N/A       99%         2
 Mephitic Cloud           Conj/Pois/Air  0%         N/A       100%        3
 Summon Guardian Golem    Hex/Summ       0%         N/A       100%        3
 Swiftness                Air            0%         N/A       100%        3
 Freezing Cloud           Conj/Ice/Air   0%         6-21      100%        5
 Orb of Destruction       Conj           0%         9d5       100%        7
 Spellforged Servitor     Conj/Summ      0%         N/A       100%        7


Dungeon Overview and Level Annotations

Branches:
Dungeon (9/15)             Temple (1/1) D:4           Sewer (visited)
   Lair: D:8-11         Orc: D:9-12

Altars:
Ashenzari
Cheibriados
Dithmenos
Elyvilon
Fedhas
Gozag
Hepliaklqana
Kikubaaqudgha
Makhleb
Nemelex Xobeh
Okawaru
Qazlal
Ru
Sif Muna
Trog
Uskayaw
Vehumet
Wu Jian
Yredelemnul
Zin
The Shining One

Shops:
D:1 ?   D:2 ?   D:8 *

Annotations:
D:9 Erica, Maurice


Message History

You barely miss the kobold brigand.
You hit the kobold brigand but do no damage.
You feel very sick.
The kobold brigand hits you with a +0 short sword.
* * * LOW HITPOINT WARNING * * *
The kobold brigand hits you but does no damage.
Maurice mumbles some strange words.
Maurice flickers and vanishes!
Deactivating autopickup; reactivate with Ctrl-A.
Unknown command.
Unknown command.
Okay, then.
Unknown command.
Unknown command.
Unknown command.
Unknown command.
It was a potion of invisibility.
You fade into invisibility!
You feel sick. The kobold brigand barely misses you.
You hear a zap.
An iceblast appears from out of thin air!
The mass of ice explodes!
The iceblast engulfs you!
* * * LOW HITPOINT WARNING * * *
The iceblast engulfs the kobold brigand! x2
The kobold throws a poisoned dart.
The poisoned dart hits the kobold brigand!
The kobold brigand is poisoned.
The kobold brigand barely misses you. x3
The kobold throws a poisoned dart.
The poisoned dart hits the kobold brigand!
The kobold brigand looks as sick as possible!
Erica shouts!
You hear a shout!
Unknown command.
Unknown command.
Okay, then.
Unknown command.
As you read the scroll of fear, it crumbles to dust.
You assume a fearsome visage.
Erica looks frightened!
The kobold looks frightened! x2; The kobold brigand looks frightened!
The kobold looks frightened!
The kobold brigand looks frightened!
You die...

........... .......8..#
....$.....# # #......#
### ##......##### ..####
#......##...## .....###
#....K.#.....#
##.....####...KK##.....#
####...<.#...#KK@).....#
## ###....#######).....#
.# ##...## ##{....###
.## ##.....##
##.##...### ##
..###.......##
#@####...#####.
...#.........## #.#
###......#
#...<..{......## #..
###..###
##..........<..# #. #..#
#............... #..#


You could see Erica (unable to see you, fleeing), 2 kobold brigands and 3
kobolds.

Vanquished Creatures
  2 kobold demonologists (D:9)
  Grinder (D:4)
  5 yaks (D:6)
  2 steam dragons
  2 water moccasins
  2 ice beasts
  A sky beast (D:8)
  2 orc warriors (D:7)
  2 phantoms (D:5)
  3 ogres
  A centaur (D:7)
  5 kobold brigands
  Blork the orc (D:6)
  3 bullfrogs
  2 scorpions
  A gnoll bouda (D:9)
  A jelly (D:7)
  Crazy Yiuf (D:2)
  4 hounds
  2 sleepcaps (D:8)
  7 iguanas
  2 orc wizards
  12 gnolls
  7 adders
  A shadow imp (D:5)
  3 white imps
  3 dart slugs
  31 orcs
  9 ball pythons
  4 endoplasms
  3 giant cockroaches
  2 goblins
  4 hobgoblins
  9 jackals
  38 kobolds
  7 quokkas
  5 bats
  7 frilled lizards
  6 rats
203 creatures vanquished.

Vanquished Creatures (others)
  An orc wizard (D:6)
1 creature vanquished.

Grand Total: 204 creatures vanquished

Notes
Turn   | Place    | Note
-------+----------+-------------------------------------------
     0 | D:1      | cdecastro the Hill Orc Fighter began the quest for the Orb.
     0 | D:1      | Reached XP level 1. HP: 19/19 MP: 1/1
     9 | D:1      | Found Ucem's Magic Scroll Shoppe.
   110 | D:1      | Reached skill level 3 in Axes
   137 | D:1      | Reached XP level 2. HP: 15/26 MP: 2/2
   367 | D:1      | Reached skill level 4 in Axes
   410 | D:1      | Bought a scroll of identify for 20 gold pieces
   466 | D:2      | Reached XP level 3. HP: 27/31 MP: 3/3
   480 | D:2      | Reached skill level 5 in Axes
   690 | D:2      | Found Manyude's Magic Scroll Shoppe.
   701 | D:2      | Bought a scroll of teleportation for 39 gold pieces
   701 | D:2      | Bought a scroll of fear for 52 gold pieces
  1046 | D:2      | Found a runed translucent door.
  1047 | D:2      | Noticed Crazy Yiuf
  1288 | D:3      | Reached XP level 4. HP: 38/39 MP: 4/4
  1315 | D:3      | Reached skill level 6 in Axes
  1478 | D:3      | Noticed a scorpion
  1492 | D:3      | Killed a scorpion
  1493 | D:3      | Reached skill level 7 in Axes
  1493 | D:3      | Reached XP level 5. HP: 30/45 MP: 5/5
  1677 | D:3      | Found a glowing drain.
  1685 | Sewer    | Entered a sewer
  1940 | Sewer    | Noticed a kobold brigand
  1958 | Sewer    | Killed a kobold brigand
  1959 | Sewer    | Reached skill level 8 in Axes
  1959 | Sewer    | Reached XP level 6. HP: 43/51 MP: 6/6
  3018 | D:4      | Found a staircase to the Ecumenical Temple.
  3027 | Temple   | Entered the Ecumenical Temple
  3435 | D:4      | Identified the +0 robe of Honesty {+Inv rF+}
  3482 | D:4      | You fall into a shaft and drop 2 floors!
  3509 | D:6      | Noticed a steam dragon
  3510 | D:6      | Found an iron altar of Okawaru.
  3515 | D:6      | Noticed a yak
  3517 | D:6      | Noticed a yak
  3518 | D:6      | Killed a steam dragon
  3519 | D:6      | Reached skill level 9 in Axes
  3519 | D:6      | Reached XP level 7. HP: 49/57 MP: 7/7
  3519 | D:6      | Noticed a yak
  3519 | D:6      | Noticed a yak
  3530 | D:6      | Noticed a yak
  3534 | D:6      | Killed a yak
  3535 | D:6      | Reached skill level 10 in Axes
  3537 | D:6      | Killed a yak
  3538 | D:6      | Reached skill level 5 in Fighting
  3541 | D:6      | Killed a yak
  3542 | D:6      | Reached XP level 8. HP: 53/71 MP: 8/8
  3546 | D:6      | Killed a yak
  3553 | D:6      | Killed a yak
  3926 | D:6      | Noticed Blork the orc
  3944 | D:6      | Killed Blork the orc
  4085 | D:5      | Entered Level 5 of the Dungeon
  4093 | D:5      | Found a burning altar of Makhleb.
  4115 | D:5      | Became a worshipper of Makhleb the Destroyer
  4196 | D:5      | Reached skill level 10 in Fighting
  4360 | D:4      | Noticed Grinder
  4386 | D:4      | Paralysed by Grinder for 4 turns
  4390 | D:4      | Killed Grinder
  4391 | D:4      | Reached skill level 5 in Armour
  4391 | D:4      | Reached XP level 9. HP: 66/85 MP: 9/9
  4767 | D:1      | Bought a scroll of poison for 40 gold pieces
  4767 | D:1      | Bought a scroll of immolation for 40 gold pieces
  4767 | D:1      | Bought a scroll of blinking for 75 gold pieces
  4767 | D:1      | Bought a scroll of enchant armour for 75 gold pieces
  4767 | D:1      | Bought a scroll of amnesia for 40 gold pieces
  5035 | D:2      | Killed Crazy Yiuf
  5277 | D:6      | Reached skill level 5 in Shields
  5691 | D:5      | Reached skill level 11 in Axes
  5937 | D:5      | Found a shadowy altar of Dithmenos.
  5978 | D:5      | Reached * piety under Makhleb
  6445 | D:7      | Reached skill level 12 in Axes
  6447 | D:7      | Reached skill level 1 in Invocations
  6606 | D:7      | Reached skill level 5 in Invocations
  6840 | D:7      | Reached XP level 10. HP: 83/93 MP: 14/14
  6966 | D:7      | Found an ancient bone altar of Kikubaaqudgha.
  7230 | D:8      | Reached ** piety under Makhleb
  7626 | D:8      | Found Ipaafozea's Assorted Antiques.
  7629 | D:8      | Bought a blue potion for 18 gold pieces
  7629 | D:8      | Bought a grey potion for 18 gold pieces
  7629 | D:8      | Bought a murky blue potion for 18 gold pieces
  7629 | D:8      | Bought a grey potion for 18 gold pieces
  7629 | D:8      | Bought a grey potion for 18 gold pieces
  7629 | D:8      | Bought 3 scrolls labelled OQENUSCHAXEI for 63 gold pieces
  7629 | D:8      | Bought a potion of berserk rage for 105 gold pieces
  7793 | D:9      | Noticed Erica
  7919 | D:9      | Noticed a kobold demonologist
  7940 | D:9      | Noticed a sixfirhy
  7941 | D:9      | Killed a kobold demonologist
  7959 | D:9      | Noticed a kobold demonologist
  7966 | D:9      | Noticed Maurice
  7969 | D:9      | Killed a kobold demonologist
  7970 | D:9      | HP: 1/93 [something/iceblast (8)]
  7971 | D:9      | Succumbed to a kobold brigand's curare-tipped dart

Illustrated notes

Levels and vault maps discovered:
D:1:      eino_arrival_tree_alley, layout_rooms, serial_shops, shop,
          serial_bayou_pond_d, hex_intersection
D:2:      layout_rooms, serial_shops, nicolae_shop_advertising_works
          [nicolae_subvault_shop_adworks],
          nicolae_concentric_dashed_squares_mild, minmay_gold_behind_fungi,
          uniq_crazy_yiuf_cottage
D:3:      minmay_recursive_quarters, layout_basic, gup_sewer_entry_spiral,
          kennysheep_doodads
D:4:      layout_loops_ring, minmay_temple_entry_gardened_gates, uniq_grinder
D:5:      layout_basic, nicolae_overflow_crystal_walls,
          mainiacjoe_overflow_brackets
D:6:      nicolae_cairo_tiling_large, layout_gridville, okawaru_trees_2,
          nicolae_benzene_ring, uniq_blork_the_orc
D:7:      layout_rooms, amcnicky_altar_gilded, corexii_leaking_fountain
D:8:      layout_basic, serial_shops, nicolae_shop_tiny_real_fake_doors
D:9:      layout_cave_pods, serial_column_ruins, column_ruins_temple_circle,
          column_ruins_hut, column_ruins_open_small, column_ruins_grid_2,
          column_ruins_open_small, column_ruins_grid_4, minmay_misc_feat_rows,
          uniq_maurice, uniq_erica
Temple:   bh_familiar_temple

Skill      XL: |  1  2  3  4  5  6  7  8  9 10 |
---------------+-------------------------------+-----
Axes           | 3 4 5 7 8 9 10 12 | 12.0
Fighting       | 6 10 | 10.0
Armour         | 5 |  5.0
Shields        | 5 |  5.0
Invocations    | 6 9 |  9.6

Action                     |  1- 3 |  4- 6 |  7- 9 | 10-12 || total
---------------------------+-------+-------+-------+-------++-------
  Melee: War axe           |    58 |   218 |   358 |    83 ||   717
    Use: Potion            |       |       |     1 |     1 ||     2
         Scroll            |       |       |     3 |     2 ||     5
 Armour: Scale mail        |    24 |    81 |       |       ||   105
         Chain mail        |       |    28 |   156 |    29 ||   213
  Dodge: Dodged            |    26 |   100 |    98 |    38 ||   262
  Block: Buckler           |    15 |    57 |    56 |    22 ||   150
